[ PARTIDA AOE2 · #479670316 ]
UnrankedGodos vs Mongols
[ ANÁLISIS DE REPETICIÓN · EXTRAÍDO DE LA PARTIDA GRABADA ]
Feudal
—
Castillos
—
Imperial
—
| APM promedio | 4.4 |
| APM pico | 30 |
| eAPM promedio | 4.0 |
| Aldeanos / militares | 58 / 2 |
Foco
⚔️ 10.6% · 🌾 89.4%
Monk ×2
Feudal
12:36
Castillos
25:39
Imperial
38:49
| APM promedio | 11.2 |
| APM pico | 49 |
| eAPM promedio | 9.3 |
| Aldeanos / militares | 125 / 96 |
Foco
⚔️ 32.1% · 🌾 67.9%
Scout Cavalry ×43 · Mangudai ×39 · Trade Cart ×11 · Spearman ×10 · Trebuchet (Packed) ×3 · Monk ×1
Feudal
16:27
Castillos
24:30
Imperial
52:57
| APM promedio | 9.9 |
| APM pico | 37 |
| eAPM promedio | 8.5 |
| Aldeanos / militares | 96 / 171 |
Foco
⚔️ 47.3% · 🌾 52.7%
Scout Cavalry ×92 · Janissary ×43 · Spearman ×30 · Trebuchet (Packed) ×5 · Monk ×1 · Trade Cart ×1
Feudal
16:00
Castillos
28:11
Imperial
41:01
| APM promedio | 9.7 |
| APM pico | 28 |
| eAPM promedio | 8.0 |
| Aldeanos / militares | 80 / 118 |
Foco
⚔️ 36.8% · 🌾 63.2%
Archer ×51 · Knight ×38 · Spearman ×22 · Trade Cart ×9 · War Elephant ×5 · Trebuchet (Packed) ×2
Feudal
13:56
Castillos
22:45
Imperial
38:22
| APM promedio | 16.3 |
| APM pico | 95 |
| eAPM promedio | 12.4 |
| Aldeanos / militares | 104 / 250 |
Foco
⚔️ 45.7% · 🌾 54.3%
Scorpion ×95 · Skirmisher ×65 · Serjeant ×50 · Spearman ×30 · Trebuchet (Packed) ×7 · Mangonel ×2
Feudal
12:12
Castillos
24:31
Imperial
36:31
| APM promedio | 12.5 |
| APM pico | 31 |
| eAPM promedio | 9.3 |
| Aldeanos / militares | 63 / 179 |
Foco
⚔️ 45.1% · 🌾 54.9%
Knight ×133 · Throwing Axeman ×35 · Trade Cart ×14 · Bombard Cannon ×10 · Monk ×1
Mapa de la partida
Recursos iniciales + cada clic de construcción. Líneas = muros · curvas = relieve. ◆ oro · ⬟ piedra · ● bayas · ✦ reliquia · ◌ hueco del cierre
Tu base· ✓ Cerrada en 19:58 · 28t muro · sin puerta
Base de kzakaria9191· ✓ Cerrada en 25:39 · 58t muro · 4 puerta(s)
Base de dj abov· ✓ Cerrada en 24:30 · 0t muro · sin puerta
Base de Bloody Mary· ✓ Cerrada en 28:11 · 54t muro · 3 puerta(s)
Base de jhibban.04· ✓ Cerrada en 22:45 · 14t muro · sin puerta
Base de alexdoctorofsoul· ✓ Cerrada en 24:31 · 0t muro · sin puerta
Terreno inicial suavizado · ◌ = hueco del cierre detectado · pasá el cursor para detalles
Inputs por minuto
— TautestGenie28 - - kzakaria9191
Build order — TautestGenie28
124 acciones detectadas en el replay
| 0:08 | Construir | House |
| 0:11 | Investigar | Loom |
| 0:12 | Crear | Villager (Male) |
| 0:12 | Crear | Villager (Male) |
| 0:12 | Crear | Villager (Male) |
| 0:12 | Crear | Villager (Male) |
| 0:13 | Crear | Villager (Male) |
| 0:43 | Construir | Palisade Wall |
| 1:25 | Construir | House |
| 1:28 | Construir | House |
| 1:29 | Construir | House |
| 1:52 | Construir | Palisade Wall |
| 2:39 | Construir | Outpost |
| 2:49 | Crear | Villager (Male) |
| 2:50 | Crear | Villager (Male) |
| 2:59 | Construir | House |
| 3:35 | Crear | Villager (Male) |
| 3:35 | Crear | Villager (Male) |
| 4:09 | Crear | Villager (Male) |
| 4:09 | Crear | Villager (Male) |
| 4:47 | Crear | Villager (Male) |
| 4:48 | Crear | Villager (Male) |
| 4:48 | Crear | Villager (Male) |
| 5:15 | Crear | Villager (Male) |
| 6:13 | Crear | Villager (Male) |
| 6:14 | Crear | Villager (Male) |
| 6:14 | Crear | Villager (Male) |
| 6:14 | Crear | Villager (Male) |
| 7:05 | Construir | Mill |
| 7:20 | Crear | Villager (Male) |
| 7:20 | Crear | Villager (Male) |
| 7:41 | Construir | Lumber Camp |
| 7:47 | Crear | Villager (Male) |
| 7:48 | Crear | Villager (Male) |
| 7:48 | Crear | Villager (Male) |
| 8:57 | Construir | Mining Camp |
| 9:03 | Crear | Villager (Male) |
| 9:31 | Crear | Villager (Male) |
| 10:09 | Construir | Mining Camp |
| 10:35 | Crear | Villager (Male) |
| 10:59 | Investigar | Feudal Age |
| 11:34 | Construir | Lumber Camp |
| 11:52 | Construir | Mill |
| 12:30 | Construir | House |
| 12:33 | Construir | House |
| 12:38 | Construir | House |
| 13:13 | Construir | Lumber Camp |
| 13:20 | Investigar | Town Watch |
| 13:21 | Investigar | Wheelbarrow |
| 13:30 | Construir | Watch Tower |
| 13:40 | Crear | Villager (Male) |
| 13:41 | Crear | Villager (Male) |
| 14:21 | Crear | Villager (Male) |
| 14:30 | Construir | Barracks |
| 14:45 | Investigar | Double-Bit Axe |
| 15:37 | Crear | Villager (Male) |
| 15:37 | Crear | Villager (Male) |
| 16:00 | Construir | Mill |
| 16:09 | Crear | Villager (Male) |
| 16:09 | Crear | Villager (Male) |
| 16:29 | Construir | Blacksmith |
| 16:42 | Construir | Market |
| 16:49 | Construir | Mill |
| 17:19 | Crear | Villager (Male) |
| 17:36 | Construir | Barracks |
| 18:06 | Crear | Villager (Male) |
| 18:06 | Crear | Villager (Male) |
| 18:40 | Construir | Farm |
| 18:47 | Construir | Farm |
| 18:49 | Construir | Farm |
| 19:05 | Construir | Farm |
| 19:58 | Investigar | Castle Age |
| 20:12 | Construir | Barracks |
| 20:33 | Investigar | Stone Mining |
| 20:39 | Investigar | Gold Mining |
| 20:50 | Construir | Farm |
| 21:57 | Construir | Barracks |
| 22:12 | Construir | Farm |
| 22:15 | Construir | Farm |
| 22:42 | Construir | Barracks |
| 22:47 | Construir | Barracks |
| 23:15 | Construir | Castle |
| 23:23 | Crear | Villager (Male) |
| 23:24 | Crear | Villager (Male) |
| 23:29 | Investigar | Hand Cart |
| 23:55 | Investigar | Bow Saw |
| 25:03 | Crear | Villager (Male) |
| 25:03 | Crear | Villager (Male) |
| 25:14 | Investigar | Horse Collar |
| 25:51 | Construir | Town Center |
| 26:01 | Crear | Villager (Male) |
| 26:01 | Crear | Villager (Male) |
| 26:01 | Crear | Villager (Male) |
| 26:02 | Crear | Villager (Male) |
| 26:42 | Construir | Town Center |
| 27:08 | Construir | Monastery |
| 27:18 | Crear | Villager (Male) |
| 27:18 | Crear | Villager (Male) |
| 27:19 | Crear | Villager (Male) |
| 27:34 | Crear | Villager (Male) |
| 27:35 | Crear | Villager (Male) |
| 27:57 | Construir | Farm |
| 28:02 | Crear | Monk |
| 28:03 | Crear | Monk |
| 28:38 | Crear | Villager (Male) |
| 28:38 | Crear | Villager (Male) |
| 28:46 | Crear | Villager (Male) |
| 28:57 | Construir | House |
| 28:58 | Construir | House |
| 29:01 | Construir | House |
| 29:03 | Construir | House |
| 29:24 | Construir | Castle |
| 29:35 | Construir | Mining Camp |
| 29:43 | Construir | Farm |
| 29:48 | Crear | Villager (Male) |
| 29:48 | Crear | Villager (Male) |
| 29:48 | Crear | Villager (Male) |
| 30:04 | Construir | Farm |
| 30:39 | Crear | Villager (Male) |
| 30:39 | Crear | Villager (Male) |
| 31:22 | Construir | Farm |
| 31:24 | Construir | Farm |
| 31:28 | Construir | Farm |
| 31:33 | Investigar | Heavy Plow |
Build order — kzakaria9191
Primeras 150 de 440 acciones detectadas
| 0:03 | Investigar | Loom |
| 0:04 | Crear | Villager (Male) |
| 0:05 | Crear | Villager (Male) |
| 0:05 | Crear | Villager (Male) |
| 0:05 | Crear | Villager (Male) |
| 0:05 | Crear | Villager (Male) |
| 0:05 | Crear | Villager (Male) |
| 0:05 | Crear | Villager (Male) |
| 0:33 | Construir | Palisade Wall |
| 0:52 | Construir | House |
| 1:41 | Construir | Palisade Gate |
| 2:29 | Construir | House |
| 2:32 | Construir | House |
| 3:03 | Crear | Villager (Male) |
| 3:04 | Crear | Villager (Male) |
| 3:04 | Crear | Villager (Male) |
| 3:04 | Crear | Villager (Male) |
| 3:04 | Crear | Villager (Male) |
| 3:24 | Construir | House |
| 3:31 | Crear | Villager (Male) |
| 3:31 | Crear | Villager (Male) |
| 3:31 | Crear | Villager (Male) |
| 3:32 | Crear | Villager (Male) |
| 4:00 | Construir | Palisade Wall |
| 4:25 | Construir | Palisade Gate |
| 4:34 | Construir | Palisade Wall |
| 4:56 | Construir | Palisade Wall |
| 5:06 | Crear | Villager (Male) |
| 5:06 | Crear | Villager (Male) |
| 5:06 | Crear | Villager (Male) |
| 5:07 | Crear | Villager (Male) |
| 5:07 | Crear | Villager (Male) |
| 6:13 | Crear | Villager (Male) |
| 6:13 | Crear | Villager (Male) |
| 6:14 | Crear | Villager (Male) |
| 6:14 | Crear | Villager (Male) |
| 6:14 | Crear | Villager (Male) |
| 6:14 | Crear | Villager (Male) |
| 6:39 | Crear | Villager (Male) |
| 6:39 | Crear | Villager (Male) |
| 6:39 | Crear | Villager (Male) |
| 6:39 | Crear | Villager (Male) |
| 7:35 | Construir | Lumber Camp |
| 8:20 | Construir | Lumber Camp |
| 8:32 | Crear | Villager (Male) |
| 8:32 | Crear | Villager (Male) |
| 8:32 | Crear | Villager (Male) |
| 8:32 | Crear | Villager (Male) |
| 8:57 | Construir | Mill |
| 9:46 | Investigar | Feudal Age |
| 10:26 | Investigar | Feudal Age |
| 11:54 | Construir | House |
| 12:02 | Construir | House |
| 12:05 | Construir | House |
| 12:12 | Crear | Villager (Male) |
| 12:12 | Crear | Villager (Male) |
| 12:12 | Crear | Villager (Male) |
| 12:13 | Crear | Villager (Male) |
| 12:36 | Edad | Edad Feudal |
| 12:48 | Investigar | Horse Collar |
| 13:20 | Construir | Stone Wall |
| 13:45 | Construir | Mining Camp |
| 14:00 | Construir | Gate |
| 14:20 | Construir | Stone Wall |
| 14:51 | Construir | Farm |
| 14:55 | Construir | Farm |
| 15:00 | Construir | Farm |
| 15:03 | Construir | Farm |
| 15:07 | Construir | Farm |
| 15:15 | Construir | Farm |
| 15:24 | Construir | Farm |
| 15:30 | Construir | Farm |
| 15:41 | Construir | Farm |
| 15:45 | Construir | Farm |
| 15:50 | Construir | Mill |
| 16:07 | Crear | Villager (Male) |
| 16:07 | Crear | Villager (Male) |
| 16:08 | Crear | Villager (Male) |
| 16:08 | Crear | Villager (Male) |
| 16:08 | Crear | Villager (Male) |
| 16:08 | Crear | Villager (Male) |
| 16:09 | Crear | Villager (Male) |
| 16:09 | Crear | Villager (Male) |
| 16:09 | Crear | Villager (Male) |
| 16:09 | Crear | Villager (Male) |
| 16:09 | Crear | Villager (Male) |
| 16:22 | Crear | Villager (Male) |
| 16:22 | Crear | Villager (Male) |
| 16:36 | Construir | Stone Wall |
| 16:53 | Construir | Gate |
| 17:14 | Construir | Stone Wall |
| 17:20 | Construir | Stone Wall |
| 17:41 | Investigar | Double-Bit Axe |
| 17:52 | Construir | Lumber Camp |
| 18:17 | Construir | Market |
| 18:37 | Construir | Market |
| 19:02 | Construir | Mining Camp |
| 19:20 | Construir | Stone Wall |
| 19:38 | Construir | House |
| 19:45 | Construir | House |
| 20:04 | Construir | Blacksmith |
| 20:15 | Crear | Villager (Male) |
| 20:15 | Crear | Villager (Male) |
| 20:15 | Crear | Villager (Male) |
| 20:31 | Construir | Barracks |
| 20:33 | Crear | Villager (Male) |
| 21:26 | Construir | House |
| 21:29 | Construir | House |
| 21:39 | Construir | House |
| 21:58 | Construir | Stable |
| 22:15 | Construir | Archery Range |
| 22:37 | Construir | Archery Range |
| 22:59 | Investigar | Castle Age |
| 23:26 | Construir | Farm |
| 23:30 | Construir | Farm |
| 23:44 | Construir | Farm |
| 23:56 | Construir | Farm |
| 24:09 | Construir | Mill |
| 24:18 | Construir | Farm |
| 24:29 | Construir | Barracks |
| 25:00 | Construir | House |
| 25:07 | Investigar | Stone Mining |
| 25:12 | Investigar | Gold Mining |
| 25:39 | Edad | Edad de los Castillos |
| 25:47 | Construir | University |
| 26:14 | Construir | Castle |
| 26:29 | Construir | Mining Camp |
| 27:00 | Crear | Villager (Male) |
| 27:00 | Crear | Villager (Male) |
| 27:00 | Crear | Villager (Male) |
| 27:00 | Crear | Villager (Male) |
| 27:01 | Crear | Villager (Male) |
| 27:01 | Crear | Villager (Male) |
| 27:01 | Crear | Villager (Male) |
| 27:02 | Crear | Villager (Male) |
| 27:02 | Crear | Villager (Male) |
| 27:27 | Construir | Monastery |
| 27:56 | Investigar | Fortified Wall (upgrade) |
| 28:06 | Investigar | Stone Shaft Mining |
| 28:23 | Crear | Monk |
| 28:56 | Construir | Farm |
| 29:02 | Construir | Farm |
| 29:08 | Construir | Farm |
| 29:12 | Construir | Farm |
| 29:37 | Construir | Farm |
| 29:49 | Construir | Farm |
| 29:57 | Construir | Farm |
| 30:04 | Construir | Farm |
| 30:12 | Construir | Farm |
| 30:35 | Construir | Castle |
Build order — dj abov
Primeras 150 de 386 acciones detectadas
| 1:26 | Construir | House |
| 1:28 | Construir | House |
| 1:31 | Construir | House |
| 1:37 | Construir | House |
| 1:59 | Crear | Villager (Male) |
| 1:59 | Crear | Villager (Male) |
| 2:00 | Crear | Villager (Male) |
| 2:00 | Crear | Villager (Male) |
| 3:59 | Crear | Villager (Male) |
| 4:00 | Crear | Villager (Male) |
| 4:00 | Crear | Villager (Male) |
| 4:40 | Crear | Villager (Male) |
| 4:40 | Crear | Villager (Male) |
| 5:23 | Construir | Lumber Camp |
| 5:39 | Crear | Villager (Male) |
| 6:56 | Crear | Villager (Male) |
| 6:57 | Crear | Villager (Male) |
| 8:39 | Construir | Mill |
| 9:12 | Crear | Villager (Male) |
| 9:12 | Crear | Villager (Male) |
| 9:16 | Crear | Villager (Male) |
| 9:18 | Crear | Villager (Male) |
| 9:21 | Crear | Villager (Male) |
| 11:59 | Construir | Mill |
| 12:12 | Crear | Villager (Male) |
| 12:13 | Crear | Villager (Male) |
| 12:16 | Crear | Villager (Male) |
| 12:27 | Crear | Villager (Male) |
| 12:27 | Crear | Villager (Male) |
| 13:15 | Investigar | Feudal Age |
| 13:47 | Construir | Mining Camp |
| 15:01 | Crear | Villager (Male) |
| 16:27 | Edad | Edad Feudal |
| 16:48 | Investigar | Wheelbarrow |
| 16:54 | Investigar | Horse Collar |
| 16:59 | Investigar | Double-Bit Axe |
| 17:04 | Construir | House |
| 17:05 | Construir | House |
| 17:11 | Construir | House |
| 17:13 | Construir | House |
| 17:14 | Construir | House |
| 18:28 | Construir | Market |
| 18:34 | Construir | Blacksmith |
| 19:09 | Construir | Farm |
| 19:12 | Construir | Farm |
| 19:16 | Construir | Farm |
| 19:19 | Construir | Farm |
| 19:23 | Construir | Farm |
| 19:45 | Crear | Villager (Male) |
| 19:45 | Crear | Villager (Male) |
| 19:46 | Crear | Villager (Male) |
| 19:46 | Crear | Villager (Male) |
| 20:22 | Construir | Farm |
| 20:41 | Construir | Farm |
| 21:03 | Construir | Farm |
| 21:50 | Investigar | Castle Age |
| 21:55 | Construir | Farm |
| 22:03 | Crear | Trade Cart |
| 22:17 | Construir | Barracks |
| 22:30 | Crear | Villager (Male) |
| 22:30 | Crear | Villager (Male) |
| 22:54 | Crear | Villager (Male) |
| 22:54 | Crear | Villager (Male) |
| 23:16 | Construir | Archery Range |
| 23:40 | Construir | Stable |
| 23:46 | Construir | Stable |
| 24:30 | Edad | Edad de los Castillos |
| 24:44 | Investigar | Hand Cart |
| 24:45 | Crear | Villager (Male) |
| 25:09 | Construir | Town Center |
| 25:34 | Construir | Farm |
| 25:57 | Crear | Villager (Male) |
| 25:57 | Crear | Villager (Male) |
| 25:58 | Crear | Villager (Male) |
| 25:58 | Crear | Villager (Male) |
| 25:58 | Crear | Villager (Male) |
| 26:49 | Crear | Scout Cavalry |
| 26:49 | Crear | Scout Cavalry |
| 26:50 | Crear | Scout Cavalry |
| 27:39 | Construir | Farm |
| 28:04 | Construir | Farm |
| 28:34 | Construir | Farm |
| 28:41 | Investigar | Heavy Plow |
| 28:45 | Investigar | Bow Saw |
| 28:52 | Construir | Farm |
| 29:08 | Crear | Villager (Male) |
| 29:08 | Crear | Villager (Male) |
| 29:08 | Crear | Villager (Male) |
| 29:09 | Crear | Villager (Male) |
| 29:09 | Crear | Villager (Male) |
| 29:09 | Crear | Villager (Male) |
| 29:34 | Construir | Farm |
| 29:41 | Construir | Farm |
| 29:45 | Crear | Villager (Male) |
| 29:45 | Crear | Villager (Male) |
| 29:45 | Crear | Villager (Male) |
| 29:45 | Crear | Villager (Male) |
| 29:58 | Crear | Villager (Male) |
| 30:11 | Crear | Villager (Male) |
| 30:11 | Crear | Villager (Male) |
| 30:26 | Investigar | Stone Mining |
| 30:50 | Investigar | Gold Mining |
| 31:11 | Construir | Farm |
| 31:15 | Construir | Farm |
| 31:24 | Crear | Villager (Male) |
| 31:24 | Crear | Villager (Male) |
| 31:24 | Crear | Villager (Male) |
| 31:24 | Crear | Villager (Male) |
| 31:40 | Construir | Farm |
| 31:44 | Construir | Farm |
| 32:26 | Construir | House |
| 32:28 | Construir | House |
| 32:29 | Construir | House |
| 33:59 | Construir | Stone Wall |
| 34:35 | Crear | Villager (Male) |
| 34:35 | Crear | Villager (Male) |
| 34:35 | Crear | Villager (Male) |
| 34:36 | Crear | Villager (Male) |
| 34:36 | Crear | Villager (Male) |
| 34:43 | Crear | Villager (Male) |
| 34:43 | Crear | Villager (Male) |
| 34:43 | Crear | Villager (Male) |
| 34:44 | Crear | Villager (Male) |
| 34:44 | Crear | Villager (Male) |
| 34:44 | Crear | Villager (Male) |
| 34:44 | Crear | Villager (Male) |
| 34:45 | Crear | Villager (Male) |
| 34:45 | Crear | Villager (Male) |
| 34:48 | Crear | Villager (Male) |
| 34:48 | Crear | Villager (Male) |
| 34:49 | Crear | Villager (Male) |
| 34:49 | Crear | Villager (Male) |
| 34:49 | Crear | Villager (Male) |
| 34:49 | Crear | Villager (Male) |
| 34:50 | Crear | Villager (Male) |
| 34:55 | Crear | Villager (Male) |
| 34:55 | Crear | Villager (Male) |
| 34:56 | Crear | Villager (Male) |
| 34:56 | Crear | Villager (Male) |
| 34:56 | Crear | Villager (Male) |
| 34:56 | Crear | Villager (Male) |
| 34:57 | Crear | Villager (Male) |
| 34:57 | Crear | Villager (Male) |
| 34:57 | Crear | Villager (Male) |
| 34:57 | Crear | Villager (Male) |
| 35:36 | Construir | Monastery |
| 35:56 | Construir | Farm |
| 36:19 | Construir | Farm |
| 36:39 | Construir | Farm |
| 36:47 | Construir | Farm |
Build order — Bloody Mary
Primeras 150 de 327 acciones detectadas
| 0:07 | Investigar | Loom |
| 0:08 | Crear | Villager (Male) |
| 0:08 | Crear | Villager (Male) |
| 0:08 | Crear | Villager (Male) |
| 0:09 | Crear | Villager (Male) |
| 0:09 | Crear | Villager (Male) |
| 0:27 | Construir | Palisade Wall |
| 1:24 | Construir | House |
| 1:25 | Construir | House |
| 1:27 | Construir | House |
| 4:27 | Construir | Lumber Camp |
| 4:54 | Crear | Villager (Male) |
| 4:55 | Crear | Villager (Male) |
| 5:15 | Crear | Villager (Male) |
| 5:34 | Crear | Villager (Male) |
| 5:35 | Crear | Villager (Male) |
| 6:29 | Crear | Villager (Male) |
| 6:29 | Crear | Villager (Male) |
| 6:42 | Crear | Villager (Male) |
| 6:53 | Crear | Villager (Male) |
| 7:54 | Crear | Villager (Male) |
| 7:54 | Crear | Villager (Male) |
| 8:07 | Construir | House |
| 8:09 | Construir | House |
| 8:10 | Construir | House |
| 8:21 | Crear | Villager (Male) |
| 8:22 | Crear | Villager (Male) |
| 9:51 | Construir | Mining Camp |
| 9:59 | Crear | Villager (Male) |
| 10:58 | Crear | Villager (Male) |
| 10:59 | Crear | Villager (Male) |
| 10:59 | Crear | Villager (Male) |
| 11:17 | Construir | Mill |
| 11:47 | Crear | Villager (Male) |
| 12:50 | Construir | Farm |
| 13:26 | Construir | Farm |
| 13:29 | Construir | Farm |
| 13:56 | Investigar | Feudal Age |
| 14:32 | Crear | Villager (Male) |
| 14:33 | Crear | Villager (Male) |
| 15:03 | Crear | Villager (Male) |
| 15:28 | Crear | Villager (Male) |
| 15:30 | Crear | Villager (Male) |
| 16:00 | Edad | Edad Feudal |
| 16:10 | Investigar | Double-Bit Axe |
| 16:34 | Construir | Mining Camp |
| 17:27 | Construir | Stone Wall |
| 17:41 | Construir | Gate |
| 18:12 | Construir | Stone Wall |
| 18:24 | Construir | Gate |
| 18:53 | Construir | Gate |
| 19:03 | Crear | Villager (Male) |
| 19:03 | Crear | Villager (Male) |
| 19:03 | Crear | Villager (Male) |
| 19:04 | Crear | Villager (Male) |
| 19:04 | Crear | Villager (Male) |
| 19:08 | Investigar | Gold Mining |
| 19:12 | Investigar | Stone Mining |
| 19:40 | Construir | Barracks |
| 19:56 | Construir | House |
| 19:58 | Construir | House |
| 19:59 | Construir | House |
| 20:02 | Construir | House |
| 20:03 | Construir | House |
| 20:19 | Construir | Farm |
| 20:21 | Construir | Farm |
| 20:23 | Construir | Farm |
| 20:26 | Construir | Farm |
| 21:01 | Construir | Barracks |
| 21:21 | Construir | Watch Tower |
| 21:41 | Construir | Farm |
| 21:43 | Construir | Farm |
| 21:48 | Investigar | Wheelbarrow |
| 21:49 | Crear | Villager (Male) |
| 21:49 | Crear | Villager (Male) |
| 21:50 | Crear | Villager (Male) |
| 22:03 | Construir | Archery Range |
| 22:05 | Construir | Archery Range |
| 22:08 | Construir | Archery Range |
| 22:30 | Construir | Watch Tower |
| 22:49 | Construir | Stable |
| 22:51 | Construir | Stable |
| 23:11 | Crear | Villager (Male) |
| 23:12 | Crear | Villager (Male) |
| 23:31 | Construir | Blacksmith |
| 24:05 | Construir | Farm |
| 24:07 | Construir | Farm |
| 24:09 | Construir | Farm |
| 24:27 | Construir | Market |
| 24:56 | Crear | Spearman |
| 24:56 | Crear | Spearman |
| 24:57 | Crear | Spearman |
| 24:57 | Crear | Spearman |
| 25:16 | Construir | Farm |
| 25:27 | Construir | Stable |
| 25:45 | Investigar | Castle Age |
| 26:06 | Construir | Stable |
| 26:53 | Crear | Villager (Male) |
| 26:53 | Crear | Villager (Male) |
| 26:53 | Crear | Villager (Male) |
| 26:54 | Crear | Villager (Male) |
| 26:54 | Crear | Villager (Male) |
| 27:40 | Construir | Farm |
| 27:42 | Construir | Farm |
| 27:43 | Construir | Farm |
| 27:51 | Investigar | Horse Collar |
| 27:55 | Investigar | Fletching |
| 27:56 | Investigar | Padded Archer Armor |
| 28:11 | Edad | Edad de los Castillos |
| 28:53 | Construir | Town Center |
| 29:03 | Crear | Villager (Male) |
| 29:06 | Investigar | Bow Saw |
| 29:10 | Investigar | Gold Shaft Mining |
| 29:19 | Investigar | Pikeman (upgrade) |
| 29:39 | Construir | Castle |
| 30:00 | Investigar | Hand Cart |
| 30:36 | Crear | Villager (Male) |
| 30:36 | Crear | Villager (Male) |
| 30:37 | Crear | Villager (Male) |
| 30:46 | Crear | Villager (Male) |
| 30:46 | Crear | Villager (Male) |
| 31:12 | Crear | Villager (Male) |
| 31:12 | Crear | Villager (Male) |
| 31:53 | Construir | Town Center |
| 32:15 | Investigar | Kamandaran |
| 32:24 | Investigar | Leather Archer Armor |
| 32:32 | Crear | Villager (Male) |
| 32:33 | Crear | Villager (Male) |
| 33:01 | Construir | Mining Camp |
| 33:26 | Construir | Town Center |
| 33:33 | Crear | Villager (Male) |
| 33:34 | Crear | Villager (Male) |
| 33:34 | Crear | Villager (Male) |
| 33:34 | Crear | Villager (Male) |
| 33:47 | Crear | Villager (Male) |
| 33:47 | Crear | Villager (Male) |
| 33:48 | Crear | Villager (Male) |
| 33:48 | Crear | Villager (Male) |
| 34:08 | Investigar | Crossbowman (upgrade) |
| 34:11 | Crear | Archer |
| 34:11 | Crear | Archer |
| 34:12 | Crear | Archer |
| 34:12 | Crear | Archer |
| 34:12 | Crear | Archer |
| 34:12 | Crear | Archer |
| 34:13 | Crear | Archer |
| 34:13 | Crear | Archer |
| 34:14 | Crear | Archer |
| 34:14 | Crear | Archer |
| 34:14 | Crear | Archer |
Build order — jhibban.04
Primeras 150 de 527 acciones detectadas
| 0:17 | Crear | Villager (Male) |
| 0:17 | Crear | Villager (Male) |
| 0:17 | Crear | Villager (Male) |
| 0:18 | Crear | Villager (Male) |
| 0:18 | Crear | Villager (Male) |
| 0:50 | Construir | House |
| 1:07 | Construir | Palisade Wall |
| 1:57 | Construir | House |
| 2:01 | Crear | Villager (Male) |
| 2:34 | Construir | Outpost |
| 2:39 | Construir | House |
| 3:03 | Construir | House |
| 3:16 | Crear | Villager (Male) |
| 3:45 | Construir | House |
| 3:51 | Crear | Villager (Male) |
| 4:17 | Crear | Villager (Male) |
| 4:36 | Construir | House |
| 4:54 | Crear | Villager (Male) |
| 4:54 | Crear | Villager (Male) |
| 5:18 | Construir | Donjon |
| 5:28 | Crear | Villager (Male) |
| 5:50 | Crear | Villager (Male) |
| 6:18 | Crear | Villager (Male) |
| 6:19 | Crear | Villager (Male) |
| 6:44 | Crear | Villager (Male) |
| 7:34 | Crear | Villager (Male) |
| 7:35 | Crear | Villager (Male) |
| 8:46 | Construir | Mining Camp |
| 9:24 | Construir | Lumber Camp |
| 9:43 | Crear | Villager (Male) |
| 10:20 | Construir | Mining Camp |
| 10:36 | Construir | Mill |
| 11:46 | Investigar | Feudal Age |
| 12:05 | Construir | Mill |
| 13:33 | Crear | Villager (Male) |
| 13:34 | Crear | Villager (Male) |
| 13:56 | Edad | Edad Feudal |
| 14:08 | Crear | Serjeant |
| 14:15 | Crear | Villager (Male) |
| 14:34 | Construir | Donjon |
| 15:14 | Crear | Villager (Male) |
| 16:39 | Crear | Villager (Male) |
| 17:14 | Construir | House |
| 17:20 | Construir | House |
| 17:23 | Construir | House |
| 17:34 | Construir | Blacksmith |
| 17:46 | Construir | Farm |
| 17:48 | Construir | Farm |
| 17:49 | Construir | Farm |
| 17:50 | Construir | Farm |
| 17:53 | Construir | Farm |
| 17:56 | Construir | Farm |
| 17:59 | Construir | Farm |
| 18:26 | Construir | Donjon |
| 18:36 | Crear | Villager (Male) |
| 19:14 | Construir | Mining Camp |
| 19:32 | Construir | Market |
| 20:01 | Construir | Lumber Camp |
| 20:05 | Investigar | Castle Age |
| 20:20 | Investigar | Stone Mining |
| 20:25 | Investigar | Double-Bit Axe |
| 20:29 | Investigar | Horse Collar |
| 21:17 | Investigar | Fletching |
| 22:05 | Construir | Barracks |
| 22:45 | Edad | Edad de los Castillos |
| 22:52 | Construir | Town Center |
| 23:09 | Construir | House |
| 23:15 | Construir | House |
| 23:22 | Investigar | Wheelbarrow |
| 23:35 | Investigar | Stone Shaft Mining |
| 23:43 | Crear | Villager (Male) |
| 24:02 | Crear | Trade Cart |
| 24:21 | Construir | Castle |
| 24:28 | Construir | House |
| 25:02 | Crear | Villager (Male) |
| 25:03 | Crear | Villager (Male) |
| 25:03 | Crear | Villager (Male) |
| 25:03 | Crear | Villager (Male) |
| 25:04 | Crear | Villager (Male) |
| 25:13 | Construir | House |
| 25:34 | Construir | Town Center |
| 25:49 | Construir | House |
| 26:35 | Construir | Stone Wall |
| 26:43 | Crear | Villager (Male) |
| 26:43 | Crear | Villager (Male) |
| 26:43 | Crear | Villager (Male) |
| 26:43 | Crear | Villager (Male) |
| 26:44 | Crear | Villager (Male) |
| 26:44 | Crear | Villager (Male) |
| 26:54 | Crear | Villager (Male) |
| 26:56 | Crear | Villager (Male) |
| 27:31 | Construir | University |
| 27:37 | Construir | Monastery |
| 27:50 | Construir | Stone Wall |
| 28:03 | Crear | Villager (Male) |
| 28:03 | Crear | Villager (Male) |
| 28:03 | Crear | Villager (Male) |
| 28:03 | Crear | Villager (Male) |
| 28:04 | Crear | Villager (Male) |
| 28:27 | Construir | House |
| 28:29 | Construir | House |
| 28:38 | Construir | Farm |
| 28:45 | Investigar | Masonry |
| 28:55 | Construir | Farm |
| 29:07 | Crear | Villager (Male) |
| 29:10 | Crear | Villager (Male) |
| 29:22 | Construir | Farm |
| 29:32 | Construir | Siege Workshop |
| 29:35 | Crear | Monk |
| 29:42 | Construir | House |
| 29:54 | Construir | Farm |
| 30:07 | Crear | Villager (Male) |
| 30:12 | Crear | Villager (Male) |
| 30:19 | Construir | Farm |
| 30:26 | Investigar | Heavy Plow |
| 30:33 | Construir | House |
| 30:38 | Construir | House |
| 30:52 | Construir | Castle |
| 31:02 | Construir | Mining Camp |
| 31:24 | Crear | Villager (Male) |
| 31:25 | Crear | Villager (Male) |
| 31:25 | Crear | Villager (Male) |
| 31:26 | Crear | Villager (Male) |
| 31:26 | Crear | Villager (Male) |
| 31:27 | Crear | Villager (Male) |
| 31:44 | Construir | Farm |
| 31:45 | Construir | Farm |
| 31:46 | Construir | Farm |
| 31:48 | Construir | Farm |
| 31:50 | Construir | Farm |
| 32:00 | Construir | Farm |
| 32:27 | Construir | Farm |
| 32:30 | Construir | Farm |
| 32:36 | Construir | House |
| 32:43 | Construir | Farm |
| 33:12 | Construir | House |
| 33:29 | Investigar | Gold Mining |
| 33:46 | Construir | Farm |
| 33:54 | Construir | House |
| 34:33 | Construir | Town Center |
| 34:39 | Construir | House |
| 34:54 | Crear | Trade Cart |
| 35:12 | Investigar | Imperial Age |
| 35:20 | Investigar | Hand Cart |
| 35:21 | Crear | Villager (Male) |
| 35:22 | Crear | Villager (Male) |
| 35:22 | Crear | Villager (Male) |
| 35:22 | Crear | Villager (Male) |
| 35:36 | Construir | House |
| 36:04 | Crear | Villager (Male) |
Build order — alexdoctorofsoul
Primeras 150 de 373 acciones detectadas
| 0:06 | Crear | Villager (Male) |
| 0:06 | Crear | Villager (Male) |
| 0:07 | Crear | Villager (Male) |
| 0:08 | Crear | Villager (Male) |
| 0:19 | Construir | House |
| 2:17 | Crear | Villager (Male) |
| 2:53 | Crear | Villager (Male) |
| 2:56 | Crear | Villager (Male) |
| 3:02 | Construir | House |
| 3:16 | Crear | Villager (Male) |
| 4:08 | Crear | Villager (Male) |
| 4:32 | Construir | House |
| 4:35 | Crear | Villager (Male) |
| 5:01 | Crear | Villager (Male) |
| 5:23 | Crear | Villager (Male) |
| 5:24 | Crear | Villager (Male) |
| 5:41 | Construir | Lumber Camp |
| 6:02 | Construir | Mill |
| 6:14 | Crear | Villager (Male) |
| 6:49 | Crear | Villager (Male) |
| 6:51 | Crear | Villager (Male) |
| 7:25 | Construir | House |
| 7:51 | Construir | Farm |
| 8:01 | Construir | House |
| 8:33 | Construir | House |
| 8:55 | Construir | House |
| 8:58 | Construir | House |
| 9:06 | Construir | Farm |
| 9:50 | Construir | Farm |
| 10:02 | Investigar | Feudal Age |
| 10:09 | Construir | Mining Camp |
| 11:44 | Crear | Villager (Male) |
| 11:44 | Crear | Villager (Male) |
| 11:44 | Crear | Villager (Male) |
| 11:45 | Crear | Villager (Male) |
| 11:45 | Crear | Villager (Male) |
| 12:12 | Edad | Edad Feudal |
| 12:36 | Investigar | Double-Bit Axe |
| 12:44 | Construir | Farm |
| 12:56 | Construir | Farm |
| 13:03 | Construir | Farm |
| 13:41 | Construir | House |
| 13:56 | Construir | Farm |
| 14:14 | Crear | Villager (Male) |
| 14:15 | Crear | Villager (Male) |
| 14:15 | Crear | Villager (Male) |
| 14:16 | Crear | Villager (Male) |
| 14:16 | Crear | Villager (Male) |
| 14:27 | Construir | Farm |
| 14:38 | Construir | Farm |
| 15:07 | Construir | Barracks |
| 15:42 | Construir | Lumber Camp |
| 15:52 | Crear | Villager (Male) |
| 15:52 | Crear | Villager (Male) |
| 15:53 | Crear | Villager (Male) |
| 15:53 | Crear | Villager (Male) |
| 15:54 | Crear | Villager (Male) |
| 16:02 | Construir | Market |
| 16:52 | Construir | Blacksmith |
| 17:22 | Construir | House |
| 17:36 | Construir | Mining Camp |
| 18:21 | Construir | Stable |
| 18:42 | Construir | Farm |
| 19:06 | Crear | Trade Cart |
| 19:20 | Crear | Villager (Male) |
| 19:21 | Crear | Villager (Male) |
| 19:22 | Crear | Villager (Male) |
| 19:23 | Crear | Villager (Male) |
| 19:24 | Crear | Villager (Male) |
| 19:26 | Crear | Villager (Male) |
| 19:53 | Construir | Farm |
| 20:08 | Crear | Trade Cart |
| 20:09 | Crear | Trade Cart |
| 20:10 | Crear | Trade Cart |
| 20:43 | Construir | Mining Camp |
| 21:00 | Construir | Farm |
| 21:08 | Construir | House |
| 21:11 | Construir | House |
| 21:41 | Construir | Farm |
| 21:50 | Investigar | Castle Age |
| 22:08 | Construir | Farm |
| 22:12 | Crear | Trade Cart |
| 22:13 | Crear | Trade Cart |
| 22:29 | Construir | House |
| 22:32 | Construir | House |
| 22:46 | Investigar | Wheelbarrow |
| 23:30 | Construir | Stable |
| 24:07 | Crear | Villager (Male) |
| 24:07 | Crear | Villager (Male) |
| 24:08 | Crear | Villager (Male) |
| 24:08 | Crear | Villager (Male) |
| 24:09 | Crear | Villager (Male) |
| 24:31 | Edad | Edad de los Castillos |
| 24:36 | Construir | Stable |
| 25:00 | Construir | Stable |
| 25:04 | Crear | Trade Cart |
| 25:05 | Crear | Trade Cart |
| 25:07 | Investigar | Caravan |
| 25:14 | Investigar | Bow Saw |
| 25:24 | Construir | Stable |
| 26:00 | Construir | Siege Workshop |
| 26:05 | Investigar | Gold Mining |
| 26:45 | Construir | Siege Workshop |
| 26:53 | Construir | Siege Workshop |
| 26:57 | Construir | Farm |
| 27:05 | Investigar | Stone Mining |
| 27:41 | Crear | Villager (Male) |
| 27:43 | Investigar | Hand Cart |
| 28:00 | Construir | Siege Workshop |
| 28:23 | Construir | House |
| 28:27 | Construir | House |
| 28:34 | Construir | Farm |
| 28:40 | Investigar | Gold Shaft Mining |
| 28:46 | Crear | Villager (Male) |
| 28:47 | Crear | Villager (Male) |
| 28:48 | Crear | Villager (Male) |
| 28:48 | Crear | Villager (Male) |
| 28:48 | Crear | Villager (Male) |
| 29:12 | Construir | Castle |
| 29:23 | Crear | Trade Cart |
| 29:23 | Crear | Trade Cart |
| 29:39 | Construir | Monastery |
| 29:57 | Construir | University |
| 30:07 | Construir | Farm |
| 30:21 | Crear | Villager (Male) |
| 30:21 | Crear | Villager (Male) |
| 30:21 | Crear | Villager (Male) |
| 30:22 | Crear | Villager (Male) |
| 30:22 | Crear | Villager (Male) |
| 30:36 | Construir | House |
| 30:41 | Construir | House |
| 30:44 | Crear | Monk |
| 30:55 | Construir | Mining Camp |
| 31:12 | Crear | Knight |
| 31:13 | Crear | Knight |
| 31:13 | Crear | Knight |
| 31:14 | Crear | Knight |
| 31:14 | Crear | Knight |
| 31:35 | Construir | House |
| 31:38 | Construir | House |
| 32:02 | Construir | Farm |
| 32:14 | Construir | Farm |
| 32:47 | Construir | Mining Camp |
| 32:54 | Construir | House |
| 32:57 | Construir | House |
| 33:05 | Construir | Farm |
| 33:21 | Investigar | Imperial Age |
| 33:46 | Crear | Knight |
| 33:46 | Crear | Knight |
| 33:47 | Crear | Knight |
Cronología de la partida
| 0:27 | Bloody Mary · wall_segment Palisade Wall x20 |
| 0:33 | kzakaria9191 · wall_segment Palisade Wall x14 |
| 0:43 | TautestGenie28 · wall_segment Palisade Wall x16 |
| 1:07 | jhibban.04 · wall_segment Palisade Wall x14 |
| 1:52 | TautestGenie28 · wall_segment Palisade Wall x12 |
| 4:00 | kzakaria9191 · wall_segment Palisade Wall x11 |
| 4:34 | kzakaria9191 · wall_segment Palisade Wall x1 |
| 4:56 | kzakaria9191 · wall_segment Palisade Wall x1 |
| 5:18 | jhibban.04 · first_building Donjon |
| 12:12 | alexdoctorofsoul · age_up feudal |
| 12:36 | kzakaria9191 · age_up feudal |
| 13:20 | kzakaria9191 · wall_segment Stone Wall x15 |
| 13:56 | jhibban.04 · age_up feudal |
| 14:20 | kzakaria9191 · wall_segment Stone Wall x1 |
| 14:30 | TautestGenie28 · first_building Barracks |
| 15:07 | alexdoctorofsoul · first_building Barracks |
| 16:00 | Bloody Mary · age_up feudal |
| 16:27 | dj abov · age_up feudal |
| 16:36 | kzakaria9191 · wall_segment Stone Wall x12 |
| 17:14 | kzakaria9191 · wall_segment Stone Wall x1 |
| 17:20 | kzakaria9191 · wall_segment Stone Wall x1 |
| 17:27 | Bloody Mary · wall_segment Stone Wall x14 |
| 18:12 | Bloody Mary · wall_segment Stone Wall x20 |
| 18:21 | alexdoctorofsoul · first_building Stable |
| 19:20 | kzakaria9191 · wall_segment Stone Wall x1 |
| 19:40 | Bloody Mary · first_building Barracks |
| 20:31 | kzakaria9191 · first_building Barracks |
| 21:58 | kzakaria9191 · first_building Stable |
| 22:03 | Bloody Mary · first_building Archery Range |
| 22:05 | jhibban.04 · first_building Barracks |
| 22:15 | kzakaria9191 · first_building Archery Range |
| 22:17 | dj abov · first_building Barracks |
| 22:45 | jhibban.04 · age_up castle |
| 22:49 | Bloody Mary · first_building Stable |
| 23:00 | TautestGenie28 · first_market_buy 100 stone |
| 23:15 | TautestGenie28 · first_building Castle |
| 23:16 | dj abov · first_building Archery Range |
| 23:40 | dj abov · first_building Stable |
| 24:21 | jhibban.04 · first_building Castle |
| 24:30 | dj abov · age_up castle |
| 24:31 | alexdoctorofsoul · age_up castle |
| 25:39 | kzakaria9191 · age_up castle |
| 26:00 | alexdoctorofsoul · first_building Siege Workshop |
| 26:14 | kzakaria9191 · first_building Castle |
| 26:35 | jhibban.04 · wall_segment Stone Wall x9 |
| 27:08 | TautestGenie28 · first_building Monastery |
| 27:27 | kzakaria9191 · first_building Monastery |
| 27:37 | jhibban.04 · first_building Monastery |
| 27:50 | jhibban.04 · wall_segment Stone Wall x4 |
| 28:11 | Bloody Mary · age_up castle |
| 29:12 | alexdoctorofsoul · first_building Castle |
| 29:32 | jhibban.04 · first_building Siege Workshop |
| 29:39 | Bloody Mary · first_building Castle |
| 29:39 | alexdoctorofsoul · first_building Monastery |
| 31:51 | TautestGenie28 · resign |
| 33:59 | dj abov · wall_segment Stone Wall x10 |
| 35:36 | dj abov · first_building Monastery |
| 36:31 | alexdoctorofsoul · age_up imperial |
| 38:22 | jhibban.04 · age_up imperial |
| 38:49 | kzakaria9191 · age_up imperial |
| 41:01 | Bloody Mary · age_up imperial |
| 41:21 | jhibban.04 · first_building Archery Range |
| 41:42 | Bloody Mary · first_building Siege Workshop |
| 42:31 | jhibban.04 · wall_segment Palisade Wall x12 |
| 42:38 | jhibban.04 · wall_segment Palisade Wall x14 |
| 42:43 | dj abov · first_building Castle |
| 44:41 | jhibban.04 · wall_segment Stone Wall x11 |
| 46:01 | jhibban.04 · wall_segment Palisade Wall x11 |
| 52:57 | dj abov · age_up imperial |
| 54:11 | jhibban.04 · wall_segment Stone Wall x14 |
| 55:38 | dj abov · first_building Siege Workshop |
| 55:58 | jhibban.04 · wall_segment Stone Wall x9 |
| 56:23 | jhibban.04 · wall_segment Stone Wall x8 |
[ ANÁLISIS IA · 1 CRÉDITO ]
¿Qué pasó realmente en esta partida?
Wolo.gg analiza cada decisión: build order, eco, micro, errores típicos por bracket. Análisis personalizado por WhatsApp o Discord en 30 segundos.
Guía civ
Godos
Perfil
TautestGenie28